 Dungeon Crawl Stone Soup version 0.30.0-29-ga12c61a403 (webtiles) character file.

Game seed: 14868725139511973275

21361 McKennaii the Destroyer (level 12, -2/100 HPs)
             Began as a Demigod Conjurer on June 7, 2023.
             Shot with an arrow by a centaur warrior (27 damage)
             ... on level 12 of the Dungeon.
             The game lasted 00:19:00 (12852 turns).

McKennaii the Destroyer (Demigod Conjurer)         Turns: 12852, Time: 00:19:01

Health: -2/100     AC:  9    Str:  8    XL:     12   Next: 23%
Magic:  21/32      EV: 12    Int: 36    God:
Gold:   874        SH:  0    Dex: 12    Spells: 19/34 levels left

rFire   . . .        F - +2 trident (protect)
rCold   . . .        (no shield)
rNeg    . . .        N - +0 steam dragon scales
rPois   .            s - +0 helmet
rElec   .            w - +2 cloak
rCorr   .            (no gloves)
SInv    .            (no boots)
Will    ++...        d - amulet of magic regeneration
Stlth   ++           C - ring of wizardry
HPRegen 0.36/turn    y - ring of willpower
MPRegen 0.63/turn

%: wizardry (x1)
@: no status effects
A: high MP 1, forlorn, divine attributes
a: no special abilities


You were on level 12 of the Dungeon.
You visited 1 branch of the dungeon, and saw 12 of its levels.

You collected 874 gold pieces.

Inventory:

Hand Weapons
 e - a +2 dagger of venom
 F - a +2 trident of protection (weapon)
Missiles
 A - 4 throwing nets
Armour
 a - a +0 robe
 s - a +0 helmet (worn)
 w - a +2 cloak (worn)
 D - +0 acid dragon scales
 N - +0 steam dragon scales (worn)
Magical Staves
 m - a staff of fire
 n - a staff of cold
Jewellery
 d - an amulet of magic regeneration (around neck)
 q - a +5 ring of evasion
 t - a ring of protection from cold
 y - a ring of willpower (right hand)
 C - a ring of wizardry (left hand)
 S - an amulet of regeneration
Wands
 r - a wand of iceblast (5)
 u - a wand of polymorph (9)
 J - a wand of paralysis (7)
 K - a wand of digging (13)
 L - a wand of flame (8)
Scrolls
 i - 4 scrolls of magic mapping
 k - 2 scrolls of teleportation
 o - 2 scrolls of noise
 p - 2 scrolls of fog
 E - a scroll of poison
 G - 4 scrolls of identify
 I - a scroll of silence
 M - a scroll of blinking
 O - a scroll of fear {unknown}
 P - a scroll of enchant armour {unknown}
 Q - a scroll of immolation {unknown}
 R - a scroll of amnesia {unknown}
Potions
 b - 2 potions of magic
 c - 2 potions of lignification
 f - 3 potions of resistance
 g - 4 potions of mutation
 h - 3 potions of might
 j - 2 potions of heal wounds
 l - 3 potions of ambrosia
 v - a potion of cancellation
 x - 6 potions of curing
 z - 2 potions of haste
 B - 2 potions of attraction
 H - 4 potions of brilliance


   Skills:
 + Level 7.2 Fighting
 - Level 2.0 Armour
 - Level 1.7 Dodging
 - Level 1.7 Stealth
 + Level 11.8 Spellcasting
 + Level 13.1 Conjurations


You had 19 spell levels left.
You knew the following spells:

 Your Spells              Type           Power      Damage    Failure   Level
a - Magic Dart            Conj           100%       1d8       0%          1
b - Searing Ray           Conj           100%       2d8       0%          2
c - Iskenderun's Mystic   Conj/Tloc      62%        2d13      1%          4
d - Stone Arrow           Conj/Erth      100%       3d13      1%          3
f - Freezing Cloud        Conj/Ice/Air   26%        6-21      3%          5

Your spell library contained the following spells:

 Spells                   Type           Power      Damage    Failure   Level
 Sandblast                Erth           42%        2d11      1%          1
 Shock                    Conj/Air       100%       1d9       1%          1
 Call Imp                 Summ           42%        N/A       1%          2
 Cigotuvi's Dreadful Rot  Necr/Pois/Air  42%        N/A       1%          2
 Ensorcelled Hibernation  Hex/Ice        42%        N/A       1%          2
 Passwall                 Tmut/Erth      17%        N/A       1%          2
 Dazzling Flash           Conj/Hex       100%       N/A       1%          3
 Mephitic Cloud           Conj/Pois/Air  52%        N/A       1%          3
 Flame Wave               Conj/Fire      62%        2d14      1%          4
 Fulminant Prism          Conj/Hex       31%        3d15      1%          4
 Sticky Flame             Conj/Fire      62%        2d8       1%          4
 Call Canine Familiar     Summ           21%        N/A       2%          3
 Gell's Gravitas          Tloc           21%        N/A       2%          3
 Ignite Poison            Fire/Tmut/Pois 21%        N/A       2%          3
 Inner Flame              Hex/Fire       21%        N/A       2%          3
 Portal Projectile        Hex/Tloc       42%        N/A       2%          3
 Swiftness                Air            21%        N/A       2%          3
 Teleport Other           Tloc           21%        N/A       2%          3
 Airstrike                Air            10%        2d(2-18)  8%          4
 Anguish                  Hex/Necr       10%        N/A       8%          4
 Cause Fear               Hex            10%        N/A       8%          4
 Leda's Liquefaction      Hex/Erth       10%        N/A       8%          4
 Dispersal                Tloc           10%        N/A       71%         6
 Enfeeble                 Hex            10%        N/A       99%         7
 Ignition                 Fire           10%        3d5       100%        8


Dungeon Overview and Level Annotations

Branches:
Dungeon (12/15)            Temple (0/1) D:4            Lair (0/5) D:11
    Orc (0/2) D:11


Innate Abilities, Weirdness & Mutations

You have an increased reservoir of magic. (+10% MP)
You shall have no god before yourself.
Your divine heritage dramatically boosts your attributes as you level up.


Message History

Casting: Iskenderun's Mystic Blast (mildly dangerous; 1% risk of failure)
Confirm with . or Enter, or press ? or * to list all spells.
Aiming: Stone Arrow (safe; 1% risk of failure)
Press: ? - help, Shift-Dir - straight line, f - centaur warrior, p - two-headed ogre
Aim: a centaur warrior, wielding a +0 heavy longbow (84% to hit)
The stone arrow hits the centaur warrior!
The centaur warrior is moderately wounded.
Unknown command.
Unknown command.
Unknown command.
Casting: Stone Arrow (safe; 1% risk of failure)
Confirm with . or Enter, or press ? or * to list all spells.
You erupt in a blast of force!
The mystic blast hits the two-headed ogre!
The two-headed ogre is almost dead.
The two-headed ogre is knocked back by the mystic blast.
The mystic blast hits the centaur warrior.
The centaur warrior is moderately wounded.
The centaur warrior is knocked back by the mystic blast.
The centaur warrior shoots an arrow.
The arrow hits you!
* * * LOW HITPOINT WARNING * * *
Unknown command.
Unknown command.
Blink to where?
Press: ? - help, Dir - move target, p - centaur warrior
As you read the scroll of blinking, it crumbles to dust.
There is an open door here.
You close the door.
You feel much better.
You start resting.
The centaur warrior shoots an arrow.
The arrow hits you!
* * * LOW HITPOINT WARNING * * *
Casting: Iskenderun's Mystic Blast (mildly dangerous; 1% risk of failure)
Confirm with . or Enter, or press ? or * to list all spells.
Aiming: Stone Arrow (safe; 1% risk of failure)
Press: ? - help, Shift-Dir - straight line, f - centaur warrior
Aim: a centaur warrior, wielding a +0 heavy longbow (moderately wounded, 84% to hit)
The stone arrow misses the centaur warrior.
The centaur warrior shoots an arrow.
The arrow hits you!!
You die...

#.# #≈§§§.≈§§
####'#######§§≈§≈.≈.
#.........###≈≈≈§..≈
#.........+ ##≈≈≈.≈.
#.O.......# ##≈§≈..
#.........# ##≈≈≈.
#.c.......# ##≈≈§
##'######## ##≈≈
#.@.# ### ###.## #.
#..## ####. ##..#
#.... #####'######
#.... #..........#
#....
#........[.####....
#...^......'.##....
#..........#.##....


You could see a centaur warrior and a two-headed ogre.

Vanquished Creatures
  Kirke (D:12)
  Erolcha (D:11)
  A centaur warrior (D:11)
  A two-headed ogre (D:12)
  3 boulder beetles
  A skeletal warrior (D:11)
  An orc knight (D:11)
  An ugly thing (D:12)
  A cyclops (D:11)
  2 gargoyles
  An unseen horror (D:11)
  2 komodo dragons
  3 kobold demonologists (D:11)
  A tengu conjurer (D:11)
  An efreet (D:11)
  5 trolls
  Grinder (D:5)
  3 shadows
  4 slime creatures (D:11)
  3 wyverns
  A wraith (D:12)
  4 hogs (D:12)
  A water elemental (D:11)
  A vampire (D:12)
  15 yaks
  2 steam dragons
  10 vampire mosquitoes
  An acid dragon (D:6)
  A water moccasin (D:8)
  2 ice beasts (D:7)
  A black bear (D:7)
  A sky beast (D:7)
  4 orc warriors
  3 ogres
  8 centaurs
  5 wolves (D:11)
  2 phantoms
  4 kobold brigands
  3 bullfrogs
  A gnoll sergeant (D:8)
  6 scorpions
  7 wights
  6 killer bees (D:10)
  A howler monkey (D:7)
  2 electric eels (D:11)
  2 jellies (D:6)
  A lava snake (D:12)
  4 hounds
  2 gnoll boudas
  3 orc priests
  2 sleepcaps
  3 iguanas
  4 orc wizards
  Robin (D:4)
  20 gnolls
  5 adders
  3 shadow imps
  An ufetubus (D:4)
  2 worms
  6 dart slugs
  31 orcs
  5 endoplasms
  3 giant cockroaches
  16 goblins
  7 hobgoblins
  12 jackals
  2 quokkas
  7 ball pythons
  2 bats
  3 frilled lizards
  18 kobolds
  3 rats
297 creatures vanquished.

Notes
Turn   | Place    | Note
-------+----------+-------------------------------------------
     0 | D:1      | McKennaii the Demigod Conjurer began the quest for the Orb.
     0 | D:1      | Reached XP level 1. HP: 14/14 MP: 5/5
   386 | D:1      | Reached XP level 2. HP: 20/20 MP: 3/7
   389 | D:1      | Learned a level 2 spell: Searing Ray
   427 | D:1      | Reached skill level 4 in Conjurations
   834 | D:1      | Reached XP level 3. HP: 26/26 MP: 6/9
  1248 | D:2      | Reached XP level 4. HP: 23/33 MP: 5/11
  1358 | D:2      | Learned a level 4 spell: Iskenderun's Mystic Blast
  1890 | D:3      | Reached skill level 5 in Conjurations
  1890 | D:3      | Reached XP level 5. HP: 38/38 MP: 9/13
  1898 | D:3      | Learned a level 3 spell: Stone Arrow
  2334 | D:4      | Noticed an ogre
  2340 | D:4      | Killed an ogre
  2341 | D:4      | Reached XP level 6. HP: 45/45 MP: 8/15
  2376 | D:4      | Found a staircase to the Ecumenical Temple.
  2445 | D:4      | Noticed Robin
  2459 | D:4      | Killed Robin
  2945 | D:5      | Entered Level 5 of the Dungeon
  3019 | D:5      | Reached skill level 6 in Conjurations
  3047 | D:5      | Noticed Grinder
  3048 | D:5      | Paralysed by Grinder for 4 turns
  3059 | D:5      | Killed Grinder
  3060 | D:5      | Reached skill level 5 in Spellcasting
  3060 | D:5      | Reached XP level 7. HP: 24/50 MP: 11/18
  3269 | D:5      | You fall into a shaft and drop 3 floors!
  3341 | D:7      | Reached skill level 7 in Conjurations
  3433 | D:6      | Noticed a troll
  3451 | D:6      | Killed a troll
  3452 | D:6      | Reached XP level 8. HP: 37/57 MP: 6/21
  3623 | D:6      | Reached skill level 8 in Conjurations
  4897 | D:6      | Reached XP level 9. HP: 45/62 MP: 9/24
  4901 | D:6      | Reached skill level 9 in Conjurations
  5665 | D:7      | Noticed a +0 dagger
  5666 | D:7      | Noticed a +0 dagger
  6228 | D:8      | Reached skill level 10 in Conjurations
  6388 | D:8      | Reached XP level 10. HP: 21/69 MP: 12/27
  6908 | D:8      | Noticed a boulder beetle
  7723 | D:10     | Entered Level 10 of the Dungeon
  7990 | D:10     | Reached skill level 11 in Conjurations
  8120 | D:10     | Reached skill level 1 in Fighting
  8120 | D:10     | Reached skill level 1 in Armour
  8453 | D:10     | Reached skill level 10 in Spellcasting
  9299 | D:11     | Found a staircase to the Lair.
  9316 | D:11     | Reached XP level 11. HP: 25/82 MP: 10/29
  9875 | D:11     | Noticed an orc knight
  9959 | D:11     | Killed an orc knight
 10076 | D:11     | Found a staircase to the Orcish Mines.
 10344 | D:11     | Noticed Erolcha
 10347 | D:11     | Killed Erolcha
 10348 | D:11     | Reached skill level 12 in Conjurations
 10411 | D:11     | Noticed a boulder beetle
 10426 | D:11     | Killed a boulder beetle
 10577 | D:11     | Reached skill level 5 in Fighting
 10590 | D:11     | Noticed a skeletal warrior
 11252 | D:11     | Noticed a centaur warrior
 11372 | D:11     | Killed a skeletal warrior
 11552 | D:11     | Killed a centaur warrior
 11819 | D:8      | Killed a boulder beetle
 11969 | D:12     | Learned a level 5 spell: Freezing Cloud
 12123 | D:12     | Noticed Kirke
 12133 | D:12     | Killed Kirke
 12134 | D:12     | Reached XP level 12. HP: 96/97 MP: 1/32
 12214 | D:12     | Noticed a boulder beetle
 12222 | D:12     | Killed a boulder beetle
 12260 | D:12     | Reached skill level 13 in Conjurations
 12837 | D:12     | Noticed a centaur warrior
 12852 | D:12     | Shot with an arrow by a centaur warrior

Illustrated notes

Levels and vault maps discovered:
D:1:      dpeg_arrival_castle, layout_basic, minivault_11, st_stairs_11,
          minmay_door_square, hex_large, chequers_serial_rivers_micro_b
D:2:      layout_basic
D:3:      layout_loops_cross, grunt_temple_overflow_open
D:4:      layout_basic, minmay_temple_entry_proselytizer, uniq_robin
D:5:      layout_rooms, mainiacjoe_overflow_alcove_4, ashenzari_altar_1,
          nicolae_hepliaklqana_ecumenical_no_more, grunt_ministairs_4,
          uniq_grinder
D:6:      minmay_opposing_rooms, layout_basic, lemuel_doored_altar,
          nicolae_ru_great_annihilating_truth, interstate_on_off,
          skrybe_limestone_x
D:7:      layout_loops_ring, dancing_weapons_uskayaw,
          chequers_serial_rivers_micro_b
D:8:      layout_loops_ring, grunt_temple_overflow_growth_and_decay,
          nicolae_grassy_gnolls
D:9:      layout_basic
D:10:     layout_small_grid, mainiacjoe_overflow_paths
D:11:     layout_loops_ring, erik_lair_island, david_orc_5,
          minmay_fractal_squares_gapless_7, uniq_erolcha
D:12:     layout_roguey, kennysheep_cluttered_room, kb_lookout_dungeons_type,
          uniq_kirke

Skill      XL: |  1  2  3  4  5  6  7  8  9 10 11 12 |
---------------+-------------------------------------+-----
Spellcasting   | 2 3 4 5 6 7 9 10 11 | 11.8
Conjurations   | 4 5 6 7 8 10 11 12 13 | 13.1
Fighting       | 3 6 7 |  7.2
Armour         | 2 |  2.0
Dodging        | |  1.7
Stealth        | |  1.7

Action                     |  1- 3 |  4- 6 |  7- 9 | 10-12 || total
---------------------------+-------+-------+-------+-------++-------
  Melee: Dagger            |     8 |       |       |       ||     8
         Trident           |       |       |       |    10 ||    10
   Cast: Magic Dart        |    77 |   114 |    77 |    79 ||   347
         Searing Ray       |     4 |    17 |    47 |    45 ||   113
         Iskenderun's Myst |       |       |    26 |    77 ||   103
         Stone Arrow       |       |       |       |   112 ||   112
         Freezing Cloud    |       |       |       |     1 ||     1
  Evoke: Wand              |       |       |       |     2 ||     2
    Use: Potion            |     1 |       |       |     1 ||     2
         Scroll            |       |       |    15 |     4 ||    19
 Armour: Robe              |     8 |       |    14 |     4 ||    26
         Steam dragon scal |       |       |       |    29 ||    29
         Acid dragon scale |       |       |       |     5 ||     5
  Dodge: Dodged            |    29 |    16 |    46 |    71 ||   162
